Map: Nightshade LE

Players

ChadMarine - Winner!

  • Race: Terran Terran
  • League: Master
  • Spawn Location: 5:00

Armleg

  • Race: Terran Terran
  • League: Master
  • Spawn Location: 11:00

VOD

Have the link to the VOD?

Description

Time

  • Played on: April 9, 2020, 4:51 p.m.
  • Length: 9:10
Show
View Real Time Build Order
Export as new Build Order

ChadMarine Terran - Winner!

Build Orders: Mech 

Get SALT Encoding   

  12  0:01  SCV  
  13  0:13  SCV  
  14  0:18  Supply Depot  
  14  0:25  SCV  
  14  0:27  Refinery  
  15  0:40  SCV  
  16  0:44  Barracks  
  16  0:52  SCV  
  16  0:56  Refinery  
  17  1:04  SCV  
  18  1:16  SCV  
  19  1:31  Reaper  
  19  1:32  Orbital Command  
  20  1:35  Factory  
  20  1:46  Supply Depot  
  20  1:57  SCV  
  21  2:04  Reaper  
  22  2:09  SCV  
  23  2:20  Hellion  
  23  2:21  SCV  
  26  2:32  Command Center  
  26  2:33  SCV  
  26  2:36  Reaper  
  28  2:41  Starport  
  28  2:46  Hellion  
  30  2:52  Supply Depot  
  30  2:55  SCV  
  31  3:08  Factory Tech Lab  
  31  3:09  Barracks Tech Lab  
  31  3:14  SCV  
  32  3:23  Refinery  
  32  3:26  SCV  
  33  3:28  Cyclone  
  32  3:38  SCV  
  32  3:44  Orbital Command  
  32  3:49  Raven  
  32  3:50  SCV  
  34  4:02  SCV  
  34  4:04  Cyclone  
  38  4:11  SCV  
  38  4:15  SCV  
  40  4:23  SCV  
  41  4:27  SCV  
  41  4:30  Refinery  
  42  4:31  Raven  
  42  4:35  SCV  
  42  4:38  Supply Depot, Command Center  
  45  4:39  SCV  
  45  4:41  Siege Tank  
  49  4:47  SCV  
  49  4:51  SCV  
  51  4:59  SCV  
  52  5:03  Barracks Reactor, SCV  
  53  5:07  Supply Depot  
  53  5:11  SCV  
  53  5:14  Raven  
  53  5:15  SCV  
  53  5:20  Siege Tank  
  59  5:23  SCV  
  59  5:27  SCV  
  55  5:35  SCV  
  55  5:39  SCV  
  57  5:45  Factory  
  57  5:47  Factory  
  57  5:48  Barracks Reactor, SCV  
  57  5:49  Orbital Command  
  58  5:51  SCV  
  58  5:54  Siege Tank  
  62  6:00  SCV  
  62  6:03  SCV  
  64  6:12  SCV  
  64  6:13  Supply Depot, Refinery  
  64  6:14  Refinery  
  64  6:16  SCV  
  64  6:18  Supply Depot  
  66  6:19  Supply Depot, Viking x2  
  66  6:22  Orbital Command  
  66  6:24  SCV  
  71  6:28  SCV  
  71  6:29  Siege Tank  
  75  6:34  Engineering Bay  
  75  6:36  SCV  
  75  6:37  Siege Tank  
  79  6:40  SCV  
  79  6:41  Hellion x2  
  84  6:48  SCV  
  84  6:49  Viking x2  
  84  6:52  SCV  
  90  6:55  SCV  
  90  7:00  SCV  
  92  7:03  Command Center  
  92  7:04  SCV  
  92  7:05  Missile Turret  
  92  7:07  SCV  
  94  7:10  Missile Turret  
  94  7:12  Missile Turret, SCV  
  94  7:13  Siege Tank  
  94  7:14  Siege Tank  
  101  7:16  SCV  
  101  7:19  SCV, Viking  
  101  7:20  Viking  
  107  7:24  SCV  
  107  7:28  SCV  
  109  7:35  Supply Depot  
  109  7:37  SCV  
  109  7:38  Supply Depot, SCV  
  109  7:40  Supply Depot, Sensor Tower, SCV  
  109  7:43  Infernal Pre-Igniter  
  114  7:47  Siege Tank  
  114  7:49  SCV  
  114  7:50  SCV  
  117  7:55  Siege Tank  
  117  7:56  SCV  
  111  8:01  SCV  
  111  8:02  Hellion  
  111  8:03  Hellion  
  111  8:06  Viking  
  111  8:08  Viking  
  115  8:19  Armory, Siege Tank  
  118  8:20  Armory  
  118  8:22  SCV x3  
  121  8:27  Siege Tank  
  121  8:29  Hellion x2  
  121  8:33  Refinery  
  128  8:34  SCV x2  
  128  8:35  SCV  
  128  8:36  Factory, Refinery  
  128  8:37  Factory  
  128  8:38  Medivac  
  133  8:46  SCV x2  
  133  8:47  SCV  
  142  8:58  Missile Turret  
  142  9:01  Missile Turret  
  145  9:05  Missile Turret  
Show
View Real Time Build Order
Export as new Build Order

Armleg Terran 

Build Orders:  

Get SALT Encoding   

  12  0:01  SCV  
  13  0:13  SCV  
  14  0:18  Supply Depot  
  14  0:25  SCV  
  15  0:31  Refinery  
  15  0:39  SCV  
  16  0:44  Barracks  
  16  0:51  SCV  
  16  0:56  Refinery  
  17  1:04  SCV  
  18  1:16  SCV  
  19  1:31  Orbital Command  
  19  1:32  Reaper  
  20  1:36  Factory  
  20  1:47  Supply Depot  
  20  1:57  SCV  
  21  2:04  Reaper  
  22  2:11  SCV  
  23  2:22  Hellion  
  25  2:23  SCV  
  26  2:30  Command Center  
  26  2:36  Reaper  
  27  2:38  SCV  
  27  2:43  Hellion  
  30  2:50  Supply Depot  
  30  2:52  SCV  
  31  2:59  Starport  
  31  3:05  Factory Tech Lab  
  31  3:12  SCV  
  32  3:18  Refinery  
  32  3:19  Barracks Reactor  
  32  3:23  Cyclone  
  32  3:24  SCV  
  32  3:36  SCV  
  32  3:40  Starport Tech Lab  
  32  3:46  Orbital Command  
  30  4:00  SCV  
  30  4:01  Marine x2  
  30  4:02  Cyclone  
  33  4:05  Raven  
  35  4:12  SCV  
  35  4:14  SCV  
  37  4:19  Marine  
  37  4:20  Marine  
  39  4:24  SCV  
  39  4:26  SCV  
  41  4:34  Command Center  
  41  4:36  SCV  
  42  4:38  Siege Tank  
  42  4:41  SCV  
  42  4:42  Marine  
  42  4:45  Marine  
  48  4:48  Supply Depot  
  48  4:55  Raven  
  48  4:57  SCV  
  48  4:58  SCV  
  52  5:04  Marine x2  
  54  5:17  Siege Tank  
  57  5:21  Marine  
  57  5:22  Marine  
  57  5:25  SCV  
  57  5:26  SCV  
  61  5:30  Supply Depot  
  61  5:38  SCV  
  61  5:39  Barracks  
  61  5:40  Supply Depot, Barracks  
  62  5:46  Raven, Marine x2  
  66  5:50  Orbital Command  
  66  6:00  SCV x2  
  66  6:03  Siege Tank, Marine x2  
  73  6:13  SCV x2  
  73  6:15  Orbital Command  
  73  6:17  Refinery  
  76  6:25  SCV  
  76  6:30  SCV  
  78  6:32  Barracks Reactor  
  78  6:33  Barracks Reactor  
  78  6:37  Siege Tank  
  78  6:38  SCV  
  81  6:46  SCV x2  
  79  6:47  Marine  
  79  6:49  Viking x2  
  79  6:50  SCV  
  79  6:52  Stimpack  
  82  6:56  Engineering Bay  
  82  6:57  Engineering Bay  
  82  6:58  SCV  
  82  6:59  SCV  
  84  7:02  SCV  
  84  7:03  Supply Depot  
  84  7:05  Marine  
  86  7:11  SCV x2, Marine x3  
  86  7:12  Marine  
  92  7:23  Marine  
  92  7:25  Siege Tank  
  92  7:29  Marine x2  
  98  7:35  Marine x2  
  100  7:39  Supply Depot x2  
  100  7:41  Marine  
  100  7:42  Viking x2  
  105  7:47  Marine  
  86  8:12  SCV x3  
  78  8:19  Barracks  
  78  8:20  Barracks  
  78  8:23  Marine x2  
  78  8:24  SCV x2, Marine x2  
  78  8:25  SCV, Command Center  
  85  8:28  Marine  
  85  8:29  Viking x2  
  85  8:30  Siege Tank  
  93  8:36  SCV x2  
  93  8:37  SCV  
  93  8:39  Supply Depot  
  96  8:41  Marine x2  
  96  8:42  Marine x2  
  96  8:46  Marine  
  96  8:48  SCV x2  
  102  8:49  SCV, Refinery  
  102  8:50  Refinery  
Tags
 
Composition
Mech
Matchup
TvT
Race
Terran
Spawn Locations
Cross Positions
Add a new tag
Caveats
  • Supply blocks, unpowered buildings, or Contaminate may cause inaccurate times.
  • Supply counts are checked every 10 seconds.